 Dungeon Crawl Stone Soup version 0.27-a0-1081-ge8a0a9c698 (webtiles) character file.

Game seed: 8466336942778019894

3318 tilp the Slicer (level 10, -2/49 HPs)
             Began as a Vine Stalker Brigand on Apr 26, 2021.
             Was a Follower of Uskayaw.
             Slain by a hornet (7 damage)
             ... on level 8 of the Dungeon.
             The game lasted 00:12:25 (6998 turns).

tilp the Slicer (Vine Stalker Brigand)              Turns: 6998, Time: 00:12:26

Health: -2/49      AC: 12    Str: 19    XL:     10   Next: 2%
Magic:  0/15       EV: 11    Int: 11    God:    Uskayaw [*.....]
Gold:   311        SH:  0    Dex: 20    Spells: 9/9 levels left

rFire    . . .     SeeInvis .   b - +4 dagger
rCold    . . .     Faith    .   (no shield)
rNeg     + . .     Spirit   +   g - +0 ring mail
rPois    .         Reflect  .   k - +1 helmet
rElec    .         Harm     .   c - +2 cloak
rCorr    .         Rampage  .   (no gloves)
Will     +....                  q - +1 pair of boots
Stlth    +++.......             (no amulet)
HPRegen  1.16/turn              l - +6 ring of strength
MPRegen  0.14/turn              s - ring of positive energy

@: slowed, very slow
A: fangs 3, regeneration 1, magic shield, antimagic bite, no potion heal 2
a: Renounce Religion, Stomp


You were on level 8 of the Dungeon.
You worshipped Uskayaw.
Uskayaw was noncommittal.
You visited 2 branches of the dungeon, and saw 10 of its levels.

You collected 371 gold pieces.
You spent 60 gold pieces at shops.

Inventory:

Hand Weapons
 a - a +2 dagger of draining
 b - a +4 dagger (weapon)
 x - a +3 dagger
 y - a +7 long sword of freezing
Missiles
 d - 4 poisoned darts (quivered)
 e - 2 curare-tipped darts {!f}
 j - 5 silver boomerangs
 p - 8 boomerangs
 r - 11 atropa-tipped darts
 v - a throwing net
Armour
 c - a +2 cloak (worn)
 g - a +0 ring mail (worn)
 k - a +1 helmet (worn)
 q - a +1 pair of boots (worn)
Jewellery
 l - a +6 ring of strength (left hand)
 s - a ring of positive energy (right hand)
 t - a ring of positive energy
Wands
 i - a wand of mindburst (16)
Scrolls
 m - 5 scrolls of identify
 o - 2 scrolls of fear
 u - 3 scrolls of teleportation
Potions
 f - 7 potions of curing
 h - a potion of might
 n - a potion of resistance
 w - a potion of haste
 z - a potion of attraction


   Skills:
 - Level 4.0 Fighting
 * Level 9.6 Short Blades
 - Level 1.7 Throwing
 - Level 2.0 Dodging
 - Level 6.0 Stealth
 + Level 5.7 Invocations
 - Level 4.0 Evocations


You had 9 spell levels left.
You didn't know any spells.
Your spell library contained the following spells:

 Spells                   Type           Power      Damage    Failure   Level
 Corona                   Hex            0%         N/A       52%         1
 Slow                     Hex            0%         N/A       67%         2
 Inner Flame              Hex/Fire       0%         N/A       88%         3
 Portal Projectile        Hex/Tloc       0%         N/A       88%         3
 Cause Fear               Hex            0%         N/A       99%         4
 Leda's Liquefaction      Hex/Erth       0%         N/A       99%         4


Dungeon Overview and Level Annotations

Branches:
Dungeon (9/15)             Temple (1/1) D:5
   Lair: D:8-11         Orc: D:9-12

Altars:
Ashenzari
Cheibriados
Dithmenos
Elyvilon
Fedhas
Gozag
Hepliaklqana
Kikubaaqudgha
Makhleb
Nemelex Xobeh
Okawaru
Qazlal
Ru
Sif Muna
Trog
Uskayaw
Vehumet
Wu Jian
Xom
Yredelemnul
Zin
The Shining One

Shops:
D:1 ::!


Innate Abilities, Weirdness & Mutations

You have razor-sharp teeth.
Your natural rate of healing is unusually fast.
When hurt, damage is shared between your health and your magic reserves.
Your bite disrupts and absorbs the magic of your enemies.
Potions cannot restore your health.


Message History

You feel yourself slow down.
You hit the hornet but do no damage. You bite the hornet, but do no damage.
The hornet is heavily wounded.
You feel sick. The hornet stings you.
You are more poisoned.
You feel as though you will be slow longer.
You closely miss the hornet. You bite the hornet, but do no damage.
The hornet is heavily wounded.
You feel very sick.
The hornet stings you but does no damage.
You hit the hornet but do no damage. You bite the hornet. You drain its power.
You feel invigorated.
The hornet is heavily wounded.
You feel very sick.
The hornet stings you but does no damage.
You hit the hornet but do no damage. Your bite misses the hornet.
The hornet is heavily wounded.
You feel very sick. The hornet barely misses you.
You hit the hornet. You bite the hornet, but do no damage.
The hornet is heavily wounded.
You feel sick. The hornet stings you!
You suddenly lose the ability to move!
You feel very sick. The hornet stings you!
* * * LOW HITPOINT WARNING * * *
You feel as though you will be slow longer.
The hornet stings you but does no damage.
You feel sick.
The hornet stings you but does no damage.
You feel sick. The hornet stings you!
* * * LOW HITPOINT WARNING * * *
You are lethally poisoned!
You feel as though you will be slow longer.
The hornet stings you!
* * * LOW HITPOINT WARNING * * *
You feel as though you will be slow longer.
You can move again.
Unknown command.
Your system rejects the healing.
You feel better. The hornet stings you!
You die...

##.###......##.#
#.##.....
#..#...#.####.#
#........
##...#.#......#
#########
#####.######## # #.#
######## #.# #......#
#.# #.####.#
#######.#############
#.# ##.##
......#.##.....y@...#
#.# #....
......#.##.########.#
#.# #..##
#.###.......## #.# #.#
#..##
..)).........######.###
#<###..##
#.###.........##.....>#
#......##
#.............#.......#
#####.###
.####.#.......#.......#
#.# # .#
#.#......##.......# #.#
.####.#+#...####......#
#.#


You could see a hornet.

Vanquished Creatures
  2 wyverns
  Edmund (D:6)
  A water moccasin (D:5)
  A hornet zombie (D:6)
  3 orc warriors
  A sky beast (D:7)
  An ogre (D:5)
  3 necrophages
  A phantom (D:5)
  A centaur (D:3)
  2 bullfrogs
  3 scorpions
  5 killer bees
  9 wights (D:8)
  A bullfrog zombie (D:6)
  3 hounds
  2 jellies
  2 orc priests (D:7)
  2 centaur skeletons (D:5)
  A gnoll shaman (D:8)
  Jessica (D:3)
  3 bullfrog skeletons
  3 iguanas
  5 orc wizards
  A howler monkey zombie (D:8)
  9 adders
  10 gnolls
  A howler monkey skeleton (D:5)
  A shadow imp (D:8)
  3 white imps
  An adder skeleton (D:4)
  2 dart slugs (D:3)
  13 orcs
  3 ball pythons
  5 endoplasms
  5 giant cockroaches
  4 goblins
  4 hobgoblins
  7 jackals
  3 quokkas
  5 bats
  3 frilled lizards
  2 kobolds (D:4)
  8 rats
147 creatures vanquished.

Notes
Turn   | Place    | Note
-------+----------+-------------------------------------------
     0 | D:1      | tilp the Vine Stalker Brigand began the quest for the Orb.
     0 | D:1      | Reached XP level 1. HP: 11/11 MP: 2/2
     6 | D:1      | Found Ceja's Distillery.
     6 | D:1      | Found Zicoz's Book Shoppe.
    71 | D:1      | Reached skill level 2 in Short Blades
   101 | D:1      | Reached XP level 2. HP: 14/15 MP: 3/3
   347 | D:1      | Found Havegine's Book Boutique.
   389 | D:1      | Found a faded altar of an unknown god.
   544 | D:1      | Found Elext's Distillery.
   924 | D:2      | Reached XP level 3. HP: 19/19 MP: 4/4
  1562 | D:2      | Gained mutation: Your natural rate of healing is unusually
                  | fast. [Vine Stalker growth]
  1562 | D:2      | Reached XP level 4. HP: 23/23 MP: 5/5
  1710 | D:3      | Reached skill level 3 in Short Blades
  1883 | D:1      | Bought a potion of lignification for 30 gold pieces
  1883 | D:1      | Bought a potion of curing for 30 gold pieces
  1937 | D:3      | Noticed Jessica
  1947 | D:3      | Killed Jessica
  1955 | D:3      | Found a shimmering blue altar of Sif Muna.
  2272 | D:3      | Noticed a centaur
  2282 | D:3      | Killed a centaur
  2283 | D:3      | Reached XP level 5. HP: 29/29 MP: 6/6
  2755 | D:4      | Reached skill level 4 in Short Blades
  2755 | D:4      | Reached XP level 6. HP: 32/33 MP: 5/7
  2781 | D:4      | Reached skill level 1 in Dodging
  2781 | D:4      | Reached skill level 5 in Stealth
  3410 | D:5      | Entered Level 5 of the Dungeon
  3628 | D:5      | Noticed a water moccasin
  3669 | D:5      | Killed a water moccasin
  3670 | D:5      | Reached XP level 7. HP: 20/37 MP: 5/8
  3730 | D:5      | Reached skill level 5 in Short Blades
  3936 | D:5      | Reached skill level 6 in Short Blades
  4085 | D:5      | Found a staircase to the Ecumenical Temple.
  4098 | Temple   | Entered the Ecumenical Temple
  4424 | Temple   | Became a worshipper of Uskayaw the Reveller
  4459 | D:5      | Reached * piety under Uskayaw
  4462 | D:5      | Reached ** piety under Uskayaw
  4466 | D:5      | Reached skill level 1 in Evocations
  4563 | D:5      | Gained mutation: You have razor-sharp teeth. [Vine Stalker
                  | growth]
  4563 | D:5      | Reached XP level 8. HP: 36/42 MP: 7/9
  4606 | D:6      | Noticed Edmund
  4669 | D:5      | Reached *** piety under Uskayaw
  4695 | D:6      | Killed Edmund
  4696 | D:6      | Reached skill level 7 in Short Blades
  5111 | D:7      | Noticed a wyvern
  5114 | D:7      | Killed a wyvern
  5115 | D:7      | Reached skill level 8 in Short Blades
  5219 | D:7      | Reached skill level 1 in Invocations
  5219 | D:7      | Reached XP level 9. HP: 45/45 MP: 10/10
  5261 | D:7      | Reached **** piety under Uskayaw
  5275 | D:7      | Reached ***** piety under Uskayaw
  6296 | D:8      | Reached skill level 5 in Invocations
  6336 | D:8      | Reached skill level 9 in Short Blades
  6800 | D:8      | Reached XP level 10. HP: 49/49 MP: 15/15
  6994 | D:8      | Paralysed by a hornet for 3 turns
  6998 | D:8      | Slain by a hornet

Illustrated notes

Levels and vault maps discovered:
D:1:      dpeg_arrival_rhombus, layout_rooms, ebering_ecumenical_altar_mist,
          serial_shops, shop, nicolae_shop_stone, nicolae_shop_crystal, shop
D:2:      layout_rooms, kennysheep_flooded_box, chequers_avenue
D:3:      layout_loops_ring, tgw_sif, dk_noncrumbling_4,
          kennysheep_generic_room_5
D:4:      layout_loops_cross, nicolae_zen_rock_garden, minmay_splitting_lines
D:5:      layout_basic, minmay_temple_entry_trees, chequers_garden
D:6:      layout_cave_pools, uniq_edmund
D:7:      layout_rooms, minmay_misc_feat_pillars, kennysheep_generic_room_11
D:8:      layout_loops_corners, kennysheep_generic_room_10
D:9:      layout_roguey, minmay_lair_entry_grove, ebering_ghost_gozag, uniq_grum
Temple:   nicolae_temple_the_god_donut

Skill      XL: |  1  2  3  4  5  6  7  8  9 |
---------------+----------------------------+-----
Fighting       | 2 3 4 |  4.0
Short Blades   | 2 3 4 6 8 9 |  9.6
Dodging        | 2 |  2.0
Stealth        | 5 6 |  6.0
Evocations     | 1 4 |  4.0
Invocations    | 1 5 |  5.7
Throwing       | |  1.7

Action                   |  1- 3 |  4- 6 |  7- 9 | 10-12 || total
-------------------------+-------+-------+-------+-------++-------
Melee: Dagger            |    73 |   126 |   317 |     7 ||   523
       Bite              |    13 |    36 |   112 |     5 ||   166
Throw: Dart              |    11 |    16 |    12 |       ||    39
Evoke: Wand              |       |       |     1 |       ||     1
  Use: Scroll            |     3 |     7 |     5 |     1 ||    16
       Potion            |       |       |     1 |     1 ||     2
 Stab: Sleeping          |     8 |     7 |    16 |       ||    31
       Paralysed         |       |       |    10 |       ||    10
Armor: Robe              |     6 |       |       |       ||     6
       Ring mail         |    10 |    50 |    77 |     6 ||   143
       Skin              |       |       |    20 |       ||    20
Dodge: Dodged            |    37 |    59 |    92 |     3 ||   191

Table legend: (Time is in decaauts)
 A = Elapsed time spent in this place.
 B = Non-inter-level travel time spent in this place.
 C = Inter-level travel time spent in this place.
 D = Time resting spent in this place.
 E = Time spent auto-exploring this place.
 F = Levels seen in this place.
 G = Mean time per level.
                   A        B        C        D        E       F      G
               +--------+--------+--------+--------+--------+-----+--------+
         Total |   6838 |   6519 |    319 |    445 |   4969 |  10 |  683.8 |
       Dungeon |   6500 |   6219 |    281 |    445 |   4672 |   9 |  722.2 |
        Temple |    338 |    300 |     38 |      0 |    297 |   1 |  338.0 |
               +--------+--------+--------+--------+--------+-----+--------+

Top non-repeatable levels by time:
     D:8: 1226 daAuts
     D:1: 901 daAuts
     D:2: 882 daAuts
     D:5: 838 daAuts
     D:3: 827 daAuts
     D:4: 772 daAuts
     D:7: 569 daAuts
     D:6: 475 daAuts
  Temple: 338 daAuts
     D:9: 5 daAuts
